 Dungeon Crawl Stone Soup version 0.27.0-1-g7a089689b8 (webtiles) character file.

Game seed: 11647682093409445942

97 mainiacjoe the Gusty (level 4, -6/33 HPs)
             Began as a Draconian Air Elementalist on July 31, 2021.
             Mangled by a worm (9 damage)
             ... on level 4 of the Dungeon.
             The game lasted 00:07:02 (1191 turns).

mainiacjoe the Gusty (Draconian Air Elementalist)   Turns: 1191, Time: 00:07:03

Health: -6/33      AC:  5    Str: 11    XL:     4   Next: 42%
Magic:  6/8        EV: 12    Int: 16    God:
Gold:   0          SH:  0    Dex: 11    Spells: 2/8 levels left

rFire    . . .     SeeInvis .   g - +0 trident
rCold    . . .     Faith    .   (no shield)
rNeg     . . .     Spirit   .   (armour unavailable)
rPois    .         Reflect  .   (helmet restricted)
rElec    .         Harm     .   (no cloak)
rCorr    .         Rampage  .   (no gloves)
Will     .....                  (no boots)
Stlth    ++........             (no amulet)
HPRegen  0.11/turn              (no ring)
MPRegen  0.11/turn              (no ring)

@: no status effects
A: AC +5, unfitting armour, cold-blooded
a: no special abilities


You were on level 4 of the Dungeon.
You visited 1 branch of the dungeon, and saw 4 of its levels.

Inventory:

Hand Weapons
 b - a +0 dagger
 g - a +0 trident (weapon)
Missiles
 a - 32 stones (quivered)
 e - 19 sling bullets
 h - 20 bolts
 j - 4 boomerangs
Wands
 i - a wand of iceblast (10)
Scrolls
 c - a scroll of holy word {unknown}
 d - a scroll of amnesia {unknown}
 k - a scroll of teleportation {unknown}
Potions
 f - a potion of curing {unknown}


   Skills:
 - Level 1.7 Dodging
 - Level 1.7 Stealth
 + Level 2.7 Spellcasting
 + Level 2.2 Conjurations
 * Level 4.3 Air Magic


You had 2 spell levels left.
You knew the following spells:

 Your Spells              Type           Power      Damage    Failure   Level
a - Shock                 Conj/Air       48%        1d6       4%          1
b - Static Discharge      Conj/Air       12%        N/A       8%          2
c - Swiftness             Air            15%        N/A       10%         3

Your spell library contained the following spells:

 Spells                   Type           Power      Damage    Failure   Level
 Airstrike                Air            7%         N/A       32%         4


Dungeon Overview and Level Annotations

Branches:
Dungeon (4/15)
 Temple: D:4-7

Altars:

Shops:
D:4 =


Innate Abilities, Weirdness & Mutations

Your plain brown scales are hard. (AC +5)
You cannot fit into any form of body armour.
You are cold-blooded and may be slowed by cold attacks.


Message History

Found a scroll labelled BYEQAZX WUHI.
A worm comes into view.
You reach to attack!
You hit the worm.
The worm is moderately wounded.
You reach to attack!
You hit the worm but do no damage.
The worm is moderately wounded.
You hit the worm. You tail-slap the worm.
The worm is heavily wounded.
The worm bites you!
You barely miss the worm.
The worm is moderately wounded.
The worm bites you.
You hit the worm.
The worm is moderately wounded.
You hit the worm but do no damage.
The worm is moderately wounded.
The worm barely misses you.
You barely miss the worm.
The worm is moderately wounded.
The worm bites you!
You barely miss the worm. You tail-slap the worm.
The worm is heavily wounded.
The worm bites you.
You barely miss the worm.
The worm is heavily wounded.
You hit the worm.
The worm is severely wounded.
The worm misses you.
You hit the worm but do no damage.
The worm is severely wounded.
The worm bites you!
* * * LOW HITPOINT WARNING * * *
Casting: Shock (safe; 4% risk of failure)
Confirm with . or Enter, or press ? or * to list all spells.
The worm is struck by an arc of lightning.
The worm is almost dead.
You are struck by an arc of lightning.
* * * LOW HITPOINT WARNING * * *
The lightning grounds out.
The worm bites you!
You die...

##################
#?....[..........#
#................#
#..............O.#
#......##...##...#
#......##...##...+.
#.......#..........
##.....##...#######
#..w@.##...#.#...#
#......####'#.#.∩.#
#......#......#...#
#......#......#.>.#
#......#......#...#
#......#......#####...
#......+.....#.....#
########.....###.#....
........# .. .


You could see a worm.

Vanquished Creatures
  Jessica (D:3)
  An orc wizard (D:3)
  An adder (D:2)
  An adder skeleton (D:4)
  A worm (D:2)
  5 orcs
  4 bats
  2 endoplasms (D:2)
  A goblin (D:2)
  2 hobgoblins
  A kobold (D:2)
  2 quokkas
  A ball python (D:2)
  2 frilled lizards (D:2)
  2 rats (D:2)
27 creatures vanquished.

Notes
Turn   | Place    | Note
-------+----------+-------------------------------------------
     0 | D:1      | mainiacjoe the Draconian Air Elementalist began the quest
                  | for the Orb.
     0 | D:1      | Reached XP level 1. HP: 14/14 MP: 3/3
   261 | D:3      | Noticed an orc wizard
   261 | D:3      | Noticed an orc wizard
   305 | D:2      | Reached XP level 2. HP: 10/20 MP: 0/5
   471 | D:2      | Learned a level 2 spell: Static Discharge
   692 | D:3      | Noticed Jessica
   694 | D:3      | Reached XP level 3. HP: 25/26 MP: 3/6
   774 | D:3      | Killed Jessica
   775 | D:3      | Reached skill level 4 in Air Magic
  1032 | D:3      | Reached XP level 4. HP: 27/33 MP: 1/8
  1131 | D:4      | Learned a level 3 spell: Swiftness
  1161 | D:4      | Found Muny's Jewellery Emporium.
  1172 | D:4      | Noticed an ogre
  1191 | D:4      | Mangled by a worm

Illustrated notes

Levels and vault maps discovered:
D:1:      dpeg_arrival_pits, layout_basic
D:2:      layout_basic
D:3:      layout_rooms, dk_yredelemnul_ordeal, nicolae_elyvilon_peaceful_grove,
          uniq_jessica
D:4:      layout_gridville, chequers_temple_overflow_statue_of_worship,
          serial_shops, nicolae_take_the_stairs

Skill      XL: |  1  2  3 |
---------------+----------+-----
Conjurations   | 2 |  2.2
Air Magic      | 4 |  4.3
Dodging        | |  1.7
Stealth        | |  1.7
Spellcasting   | |  2.7

Action                   |  1- 3 |  4- 6 || total
-------------------------+-------+-------++-------
Melee: Dagger            |    34 |       ||    34
       Unarmed           |     5 |       ||     5
       Tailslap          |     1 |     2 ||     3
       Trident           |     6 |    17 ||    23
Throw: Stone             |    12 |     1 ||    13
 Cast: Shock             |    29 |     6 ||    35
       Static Discharge  |     3 |     1 ||     4
 Stab: Sleeping          |     1 |       ||     1
Armor: Skin              |    22 |     2 ||    24
Dodge: Dodged            |    49 |     7 ||    56
